 Dungeon Crawl Stone Soup version 0.31-a0-145-g046c7d2549 (webtiles) character file.

Game seed: 624548659604655463

736 Anon1729 the Poker (level 7, -7/63 HPs)
             Began as a Minotaur Monk on June 6, 2023.
             Was a High Priest of Cheibriados.
             Mangled by an orc warrior
             ... wielding a +0 flail
              (9 damage)
             ... on level 6 of the Dungeon.
             The game lasted 00:03:53 (3738 turns).

Anon1729 the Poker (Minotaur Monk)                  Turns: 3738, Time: 00:03:54

Health: -7/63      AC:  5    Str: 27    XL:     7   Next: 46%
Magic:  6/6        EV: 17    Int: 19    God:    Cheibriados [*****.]
Gold:   214        SH:  0    Dex: 27    Spells: 6/6 levels left

rFire   + . .        a - +0 spear
rCold   . . .        d - orb {light}
rNeg    . . .        t - +2 leather armour {rF+}
rPois   .            (helmet restricted)
rElec   .            (no cloak)
rCorr   .            (no gloves)
SInv    .            (no boots)
Will    .....        (no amulet)
Stlth   +            (no ring)
HPRegen 0.30/turn    (no ring)
MPRegen 0.10/turn

%: no passive effects
@: glowing, very slow
A: horns 2, retaliatory headbutt
a: Renounce Religion, Bend Time, Temporal Distortion, Slouch, Step From Time


You were on level 6 of the Dungeon.
You worshipped Cheibriados.
Cheibriados was extremely pleased with you.
You visited 1 branch of the dungeon, and saw 6 of its levels.

You collected 214 gold pieces.

Inventory:

Hand Weapons
 a - a +0 spear (weapon)
Missiles
 p - 6 curare-tipped darts (quivered)
Armour
 b - a +0 robe
 d - an orb of light (worn)
 t - a +2 leather armour of fire resistance (worn)
Wands
 n - a wand of charming (9)
Scrolls
 e - 3 scrolls of identify {unknown}
 f - 2 scrolls of fog {unknown}
 i - a scroll of brand weapon {unknown}
 j - a scroll of torment {unknown}
 k - 3 scrolls of vulnerability {unknown}
 m - a scroll of immolation {unknown}
 o - 4 scrolls of teleportation {unknown}
 q - a scroll of blinking {unknown}
Potions
 c - a potion of ambrosia
 g - a potion of heal wounds {unknown}
 h - a potion of resistance {unknown}
 l - a potion of invisibility {unknown}
 r - a potion of enlightenment {unknown}
 s - 2 potions of mutation {unknown}
 u - a potion of curing {unknown}


   Skills:
 + Level 6.1 Fighting
 + Level 6.1 Polearms
 + Level 4.6 Armour
 + Level 5.6 Dodging


You had 6 spell levels left.
You didn't know any spells.
Your spell library contained the following spells:

 Spells                   Type           Power      Damage    Failure   Level
 Beastly Appendage        Tmut           0%         N/A       22%         1
 Blink                    Tloc           0%         N/A       34%         2
 Wereblood                Tmut           0%         N/A       34%         2
 Spider Form              Tmut/Pois      0%         N/A       56%         3
 Volatile Blastmotes      Fire/Tloc      0%         2d10      56%         3
 Fulminant Prism          Conj/Hex       0%         3d5       92%         4
 Iskenderun's Mystic Bla  Conj/Tloc      0%         2d3       92%         4
 Manifold Assault         Tloc           0%         N/A       92%         4
 Lee's Rapid Deconstruct  Erth           0%         3d4*      99%         5
 Storm Form               Tmut/Air       0%         N/A       100%        7


Dungeon Overview and Level Annotations

Branches:
Dungeon (6/15)
 Temple: D:4-7

Altars:
Cheibriados
Elyvilon
Fedhas
Nemelex Xobeh

Shops:
D:1 =


Innate Abilities, Weirdness & Mutations

You have a pair of horns on your head.
You reflexively headbutt those who attack you in melee.


Message History

The orc warrior is moderately wounded.
The orc warrior barely misses you.
You hit the orc warrior but do no damage.
You headbutt the orc warrior, but do no damage.
The orc warrior is moderately wounded.
The orc warrior misses you.
You barely miss the orc warrior. You headbutt the orc warrior.
The orc warrior is moderately wounded.
You hit the orc warrior but do no damage.
You headbutt the orc warrior.
The orc warrior is heavily wounded.
The orc warrior hits you with a +0 flail.
* * * LOW HITPOINT WARNING * * *
You barely miss the orc warrior.
The orc warrior is heavily wounded.
The orc warrior hits you with a +0 flail.
* * * LOW HITPOINT WARNING * * *
You hit the orc warrior.
The orc warrior is heavily wounded.
The orc warrior completely misses you.
You hit the orc warrior but do no damage.
The orc warrior is heavily wounded.
The orc warrior closely misses you.
You hit the orc warrior but do no damage.
You headbutt the orc warrior.
The orc warrior is heavily wounded.
You hit the orc warrior but do no damage.
The orc warrior is heavily wounded.
The orc warrior hits you with a +0 flail!
* * * LOW HITPOINT WARNING * * *
You puncture the orc warrior!
The orc warrior is almost dead.
The orc warrior completely misses you.
You hit the orc warrior but do no damage.
The orc warrior is almost dead.
The orc warrior misses you.
You hit the orc warrior.
The orc warrior is almost dead.
The orc warrior hits you with a +0 flail!
You die...

.......:.#
......o.#
?....o.#
######......#
...........
#.......########
+.....<.........
#......)o#..[###
........)@......#
.########.#...#.#
#.. ....# ####
####


You could see an orc warrior.

Vanquished Creatures
  Eustachio (D:4)
  An ice beast (D:5)
  An ogre (D:4)
  A vampire bat (D:3)
  An orc priest (D:3)
  A gnoll bouda (D:5)
  3 orc wizards
  5 adders
  An ufetubus (D:4)
  A worm (D:3)
  11 dart slugs
  3 fire bats (D:3)
  13 orcs
  2 spectral bats (D:3)
  12 bats
  A bat simulacrum (D:3)
  3 bat skeletons (D:3)
  A bat zombie (D:3)
  4 endoplasms
  A giant cockroach (D:2)
  3 goblins
  8 hobgoblins
  6 kobolds
  3 quokkas
  6 ball pythons
  5 frilled lizards
  8 rats
106 creatures vanquished.

Notes
Turn   | Place    | Note
-------+----------+-------------------------------------------
     0 | D:1      | Anon1729 the Minotaur Monk began the quest for the Orb.
     0 | D:1      | Reached XP level 1. HP: 19/19 MP: 0/0
   107 | D:1      | Reached XP level 2. HP: 27/27 MP: 1/1
   180 | D:1      | Found a faded altar of an unknown god.
   282 | D:1      | Prayed at the altar of an unknown god.
   282 | D:1      | Became a worshipper of Cheibriados the Contemplative
   282 | D:1      | Reached * piety under Cheibriados
   282 | D:1      | Reached ** piety under Cheibriados
   452 | D:1      | Reached skill level 1 in Armour
   458 | D:1      | Reached *** piety under Cheibriados
   690 | D:1      | Found Piplutao's Jewellery Boutique.
   757 | D:2      | Reached XP level 3. HP: 31/33 MP: 2/2
   836 | D:3      | Reached XP level 4. HP: 23/41 MP: 3/3
   942 | D:3      | Reached **** piety under Cheibriados
   943 | D:3      | Reached XP level 5. HP: 47/47 MP: 4/4
  1138 | D:3      | Reached skill level 5 in Fighting
  1138 | D:3      | Reached skill level 5 in Polearms
  1760 | D:2      | Reached ***** piety under Cheibriados
  1898 | D:2      | Reached XP level 6. HP: 56/56 MP: 5/5
  2008 | D:2      | You fall into a shaft and drop 1 floor!
  3041 | D:4      | Noticed Eustachio
  3065 | D:4      | Killed Eustachio
  3066 | D:4      | Reached skill level 5 in Dodging
  3221 | D:4      | Found a sparkling altar of Nemelex Xobeh.
  3258 | D:4      | Found a blossoming altar of Fedhas.
  3382 | D:4      | Found a white marble altar of Elyvilon.
  3410 | D:4      | Reached XP level 7. HP: 62/62 MP: 6/6
  3656 | D:5      | Entered Level 5 of the Dungeon
  3735 | D:6      | HP: 1/63 [orc warrior/+0 flail (9)]
  3738 | D:6      | Mangled by an orc warrior

Illustrated notes

Levels and vault maps discovered:
D:1:      mushboom_english_gardens, layout_loops_ring, serial_shops, shop,
          shapermc_ecumenical_altar_mp_ritualfount, minmay_hedge_maze
D:2:      layout_loops_ring, hangedman_decor_opposing, kennysheep_nub,
          chequers_serial_rivers_micro_c
D:3:      layout_basic, goddamned_bats
D:4:      kennysheep_slugbush, layout_rooms, elyvilon_altar_4,
          fedhas_ov_isle_minmay, mainiacjoe_overflow_brackets,
          kennysheep_path_1, uniq_eustachio
D:5:      layout_rooms, minmay_temple_entry_butterflies, nicolae_take_the_stairs
D:6:      layout_basic, okawaru_altar_gauntlet_db, uniq_menkaure

Skill      XL: |  1  2  3  4  5  6  7 |
---------------+----------------------+-----
Armour         | 1 2 3 4 |  4.6
Fighting       | 4 5 6 |  6.1
Polearms       | 4 5 6 |  6.1
Dodging        | 4 5 |  5.6

Action                     |  1- 3 |  4- 6 |  7- 9 || total
---------------------------+-------+-------+-------++-------
  Melee: Spear             |    72 |   159 |    30 ||   261
         Headbutt          |    10 |    27 |    10 ||    47
 Invoke: Bend Time         |       |     1 |       ||     1
   Stab: Distracted        |       |     1 |       ||     1
 Armour: Robe              |    13 |    13 |       ||    26
         Leather armour    |       |       |     2 ||     2
  Dodge: Dodged            |    26 |   160 |    28 ||   214

Table legend: (Time is in decaauts)
 A = Elapsed time spent in this place.
 B = Non-inter-level travel time spent in this place.
 C = Inter-level travel time spent in this place.
 D = Time resting spent in this place.
 E = Time spent auto-exploring this place.
 F = Levels seen in this place.
 G = Mean time per level.
                   A        B        C        D        E       F      G
               +--------+--------+--------+--------+--------+-----+--------+
         Total |   5564 |   5245 |    319 |    405 |   4070 |   6 |  927.3 |
       Dungeon |   5564 |   5245 |    319 |    405 |   4070 |   6 |  927.3 |
               +--------+--------+--------+--------+--------+-----+--------+

Top non-repeatable levels by time:
     D:3: 1865 daAuts
     D:4: 1338 daAuts
     D:2: 1287 daAuts
     D:1: 955 daAuts
     D:5: 98 daAuts
     D:6: 19 daAuts
